 Dungeon Crawl Stone Soup version 0.29-a0-330-g52719c12eb (webtiles) character file.

Game seed: 2411316273363634527

9883 kae the Nimble (level 11, -11/94 HPs)
             Began as a Demigod Fire Elementalist on Apr 23, 2022.
             Mangled by an orc warrior
             ... wielding a +0 scimitar
              (17 damage)
             ... on level 8 of the Dungeon.
             The game lasted 00:12:28 (15321 turns).

kae the Nimble (Demigod Fire Elementalist)         Turns: 15321, Time: 00:12:29

Health: -11/94     AC:  9    Str:  9    XL:     11   Next: 8%
Magic:  24/24      EV: 14    Int: 35    God:
Gold:   342        SH:  0    Dex: 14    Spells: 9/22 levels left

rFire   + . .      SeeInvis .   f - +2 short sword (protect)
rCold   . . .      Faith    .   (no shield)
rNeg    . . .      Spirit   .   a - +0 acid dragon scales
rPois   .          Reflect  .   z - +0 helmet
rElec   .          Harm     .   p - +0 cloak
rCorr   +          Rampage  .   (no gloves)
Will    +....                   A - +0 pair of boots
Stlth   ++........              (no amulet)
HPRegen 0.25/turn               q - +6 ring of intelligence
MPRegen 0.19/turn               v - ring of protection from fire

@: about to teleport
A: high MP 1, forlorn, divine attributes
a: no special abilities


You were on level 8 of the Dungeon.
You visited 1 branch of the dungeon, and saw 9 of its levels.

You collected 424 gold pieces.
You spent 82 gold pieces at shops.

Inventory:

Hand Weapons
 f - a +2 short sword of protection (weapon)
Armour
 a - +0 acid dragon scales (worn)
 p - a +0 cloak (worn)
 z - a +0 helmet (worn)
 A - a +0 pair of boots (worn)
 B - a +0 leather armour
 C - the +1 robe of Jatousez {Archmagi}
   (You found it on level 9 of the Dungeon)

   Archmagi:  It increases the power of your magical spells.
Jewellery
 q - a +6 ring of intelligence (left hand)
 v - a ring of protection from fire (right hand)
 w - a ring of willpower
Wands
 g - a wand of polymorph (4)
 h - a wand of mindburst (17)
 u - a wand of paralysis (1)
 x - a wand of acid (11)
 y - a wand of digging (8)
Scrolls
 b - a scroll of enchant weapon {unknown}
 i - 3 scrolls of holy word
 j - a scroll of teleportation
 m - 2 scrolls of immolation
 s - 3 scrolls of magic mapping
 t - 2 scrolls of fog
Potions
 c - 2 potions of brilliance
 d - a potion of flight
 e - a potion of might
 k - 2 potions of invisibility
 l - a potion of resistance
 n - a potion of cancellation
 o - 2 potions of berserk rage
 r - a potion of ambrosia


   Skills:
 + Level 8.1 Fighting
 + Level 8.4 Dodging
 - Level 1.7 Stealth
 - Level 6.3 Spellcasting
 - Level 6.8 Conjurations
 - Level 7.2 Fire Magic


You had 9 spell levels left.
You knew the following spells:

 Your Spells              Type           Power      Damage    Failure   Level
a - Foxfire               Conj/Fire      100%       2x1d9     1%          1
b - Scorch                Fire           100%       2d10      1%          2
c - Conjure Flame         Conj/Fire      57%        6-21      1%          3
d - Inner Flame           Hex/Fire       36%        N/A       4%          3
e - Flame Wave            Conj/Fire      57%        2d11      3%          4

Your spell library contained the following spells:

 Spells                   Type           Power      Damage    Failure   Level
 Shock                    Conj/Air       100%       1d9       1%          1
 Blink                    Tloc           22%        N/A       9%          2
 Sublimation of Blood     Necr           11%        N/A       9%          2
 Confusing Touch          Hex            11%        N/A       19%         3
 Lesser Beckoning         Tloc           11%        N/A       19%         3
 Swiftness                Air            11%        N/A       19%         3
 Irradiate                Conj/Tmut      17%        3d19      38%         5
 Airstrike                Air            5%         N/A       52%         4
 Petrify                  Tmut/Erth      11%        N/A       52%         4
 Manifold Assault         Tloc           11%        N/A       86%         5
 Yara's Violent Unravell  Hex/Tmut       5%         3d4       86%         5
 Enfeeble                 Hex            5%         N/A       100%        7


Dungeon Overview and Level Annotations

Branches:
Dungeon (9/15)             Temple (0/1) D:5            Lair (0/6) D:8
    Orc: D:9-12

Shops:
D:6 *

Annotations:
D:5 Edmund
D:6 Eustachio
D:8 2 transporters


Innate Abilities, Weirdness & Mutations

You have an increased reservoir of magic. (+10% MP)
You shall have no god before yourself.
Your divine heritage dramatically boosts your attributes as you level up.


Message History

The foxfire hits the orc warrior!
The orc warrior is moderately wounded.
The foxfire hits the skeletal warrior but does no damage.
Casting: Foxfire (safe; 1% risk of failure)
Confirm with . or Enter, or press ? or * to list all spells.
You conjure some foxfire!
The foxfire hits the orc warrior.
The orc warrior is moderately wounded.
The foxfire hits the orc warrior but does no damage.
The orc warrior is moderately wounded.
The skeletal warrior hits you from afar with a +0 halberd!!
An orc comes into view. It is wielding a +0 short sword.
The orc warrior hits you with a +0 scimitar.
The orc warrior hits you with a +0 scimitar!
The skeletal warrior hits you from afar with a +0 halberd!!
You climb upwards.
Level annotation: 2 transporters
There is a stone staircase leading down here.
Casting: Foxfire (safe; 1% risk of failure)
Confirm with . or Enter, or press ? or * to list all spells.
Flames lash the orc warrior but do no damage.
The orc warrior hits you with a +0 scimitar!
* * * LOW HITPOINT WARNING * * *
The orc warrior barely misses you.
Okay, then.
You are confused.
You feel invigorated. The orc warrior barely misses you.
The orc warrior hits you with a +0 scimitar!
* * * LOW HITPOINT WARNING * * *
You feel less invigorated.
You feel less confused. The orc warrior closely misses you.
The orc warrior hits you with a +0 scimitar!
* * * LOW HITPOINT WARNING * * *
Okay, then.
Okay, then.
As you read the scroll of teleportation, it crumbles to dust.
You feel strangely unstable.
The orc warrior hits you with a +0 scimitar!
You die...

.###.##
######.....#....#. .#
#.#######
#.............###. (#
#.......#
#.##.............. .#
#######.#
#.##.............# .#
#.# #.##.....#.......#
## #.#
#.###......>.....# #.#
#.# #....#........ #.#
#o###.#........... #.#
#@....#....)...... #.#
#####............# #.#
##............. #.#
##...####..####. #.#
###..#..###..# #. #.#
#...###......# #.
#.#####.#..#..###.#####.
#.....#.##...## #....##.
#####.#.###.## ####.##.


You could see an orc warrior.

Vanquished Creatures
  8 death yaks
  10 yaks
  2 acid dragons (D:9)
  A water moccasin (D:7)
  Duvessa (D:6)
  2 sky beasts
  2 black bears (D:6)
  4 ice beasts
  2 orc warriors
  3 centaurs
  2 ogres
  A phantom (D:7)
  A kobold brigand (D:6)
  A bullfrog (D:9)
  A gnoll sergeant (D:9)
  3 scorpions
  10 wights
  Dowan (D:6)
  11 killer bees
  5 howler monkeys
  2 orc priests (D:8)
  A jelly (D:5)
  8 orc wizards
  6 adders
  3 gnolls (D:9)
  2 shadow imps
  An ufetubus (D:5)
  2 worms (D:2)
  A dart slug (D:3)
  27 orcs
  10 endoplasms
  A giant cockroach (D:2)
  10 goblins
  6 hobgoblins
  5 jackals (D:1)
  5 quokkas
  6 ball pythons
  6 bats
  2 frilled lizards
  9 kobolds
  2 rats
186 creatures vanquished.

Vanquished Creatures (collateral kills)
  3 foxfires (D:2)
3 creatures vanquished.

Vanquished Creatures (others)
  606 foxfires
  A fungus (D:2)
  A plant (D:2)
608 creatures vanquished.

Grand Total: 797 creatures vanquished

Notes
Turn   | Place    | Note
-------+----------+-------------------------------------------
     0 | D:1      | kae the Demigod Fire Elementalist began the quest for the
                  | Orb.
     0 | D:1      | Reached XP level 1. HP: 14/14 MP: 5/5
    13 | D:1      | Reached skill level 1 in Conjurations
   289 | D:1      | Reached XP level 2. HP: 16/20 MP: 1/7
  1174 | D:2      | Reached XP level 3. HP: 26/26 MP: 2/9
  1374 | D:2      | Learned a level 2 spell: Scorch
  1378 | D:2      | Learned a level 3 spell: Conjure Flame
  2788 | D:3      | Reached XP level 4. HP: 33/33 MP: 7/10
  4790 | D:5      | Entered Level 5 of the Dungeon
  4810 | D:5      | Noticed an ogre
  4818 | D:5      | Killed an ogre
  4819 | D:5      | Reached XP level 5. HP: 38/38 MP: 5/12
  4823 | D:5      | Learned a level 3 spell: Inner Flame
  4848 | D:5      | Noticed an ice beast
  4857 | D:5      | Killed an ice beast
  4977 | D:5      | Reached XP level 6. HP: 45/45 MP: 12/14
  4992 | D:5      | HP: 2/45 [orc warrior/+0 flail (12)]
  6233 | D:5      | Found a staircase to the Ecumenical Temple.
  6343 | D:6      | Reached skill level 5 in Fire Magic
  6343 | D:6      | Reached XP level 7. HP: 50/50 MP: 13/16
  6705 | D:6      | Noticed Eustachio
  6808 | D:6      | Reached skill level 5 in Conjurations
  6868 | D:6      | Reached skill level 5 in Spellcasting
  6929 | D:6      | Reached XP level 8. HP: 57/57 MP: 14/19
  7203 | D:6      | Noticed Dowan
  7303 | D:6      | Found Oqiesaja's General Store.
  7312 | D:6      | Bought a scroll of identify for 22 gold pieces
  7312 | D:6      | Bought a scroll of magic mapping for 38 gold pieces
  7312 | D:6      | Bought a scroll of fog for 22 gold pieces
  7323 | D:6      | Noticed Edmund
  7526 | D:6      | Noticed Duvessa
  8069 | D:6      | Killed Duvessa
  8078 | D:6      | Killed Dowan
  8158 | D:7      | Learned a level 4 spell: Flame Wave
  9246 | D:7      | Reached XP level 9. HP: 62/62 MP: 11/22
  9741 | D:8      | Noticed a death yak
  9760 | D:8      | Noticed a death yak
  9760 | D:8      | Noticed a death yak
  9760 | D:8      | Noticed a death yak
  9760 | D:8      | Noticed a death yak
  9760 | D:8      | Noticed a death yak
  9760 | D:8      | Noticed a death yak
  9760 | D:8      | Noticed a death yak
  9760 | D:8      | Found a staircase to the Lair.
  9893 | D:8      | Found a transporter.
  9936 | D:8      | Reached skill level 1 in Fighting
 10179 | D:8      | Found a transporter.
 10180 | D:8      | Noticed a cyclops
 10992 | D:8      | Killed a death yak
 11185 | D:8      | Killed a death yak
 11186 | D:8      | Reached skill level 5 in Dodging
 11526 | D:8      | Killed a death yak
 11527 | D:8      | Reached skill level 5 in Fighting
 11527 | D:8      | Reached XP level 10. HP: 53/81 MP: 10/23
 11707 | D:8      | Killed a death yak
 12097 | D:8      | Killed a death yak
 12183 | D:8      | Killed a death yak
 13014 | D:7      | Killed a death yak
 13271 | D:8      | Killed a death yak
 13544 | D:8      | Found a staircase to the Lair.
 13667 | D:8      | Found a transporter.
 14079 | D:8      | Found a transporter.
 14171 | D:9      | Noticed a skeletal warrior
 14177 | D:8      | Reached XP level 11. HP: 61/94 MP: 12/24
 14657 | D:9      | Noticed a skeletal warrior
 14674 | D:9      | Noticed a skeletal warrior
 15273 | D:9      | Noticed a skeletal warrior
 15299 | D:9      | Identified the +1 robe of Jatousez {Archmagi}
 15321 | D:8      | Mangled by an orc warrior

Illustrated notes

Levels and vault maps discovered:
D:1:      doesnt_arrival_eight_statues, layout_loops_cross
D:2:      layout_loops_cross, shapermc_ecumenical_altar_gd, serial_forest,
          infiniplex_forest_lined_room_, infiniplex_forest_end_2,
          infiniplex_forest_straight_1, infiniplex_forest_clump_diagonal,
          infiniplex_forest_lined_2, infiniplex_forest_clump_medium,
          infiniplex_forest_lined_3_way, minmay_curled_crystal
D:3:      layout_basic, minmay_distorted
D:4:      layout_loops_ring, chequers_hall_statues_y
D:5:      layout_basic, marbit_many_paths, minmay_temple_entry_poolview
D:6:      layout_basic, nicolae_uskayaw_murder_on_the_dancefloor, serial_shops,
          nicolae_lakefront_shop, uniq_edmund, uniq_duvessa, uniq_eustachio
D:7:      layout_gridville
D:8:      gammafunk_beogh_shrine, layout_loops_ring, old_standard_altar,
          dpeg_lair_monsters, minivault_25
D:9:      layout_cave_pools

Skill      XL: |  1  2  3  4  5  6  7  8  9 10 11 |
---------------+----------------------------------+-----
Conjurations   | 1 2 3 4 5 6 |  6.8
Spellcasting   | 2 3 4 5 6 |  6.3
Fire Magic     | 3 4 5 7 |  7.2
Dodging        | 5 8 |  8.4
Fighting       | 5 7 8 |  8.1
Stealth        | |  1.7

Action                   |  1- 3 |  4- 6 |  7- 9 | 10-12 || total
-------------------------+-------+-------+-------+-------++-------
Melee: Unarmed           |    11 |       |       |       ||    11
       Short sword       |     9 |     6 |     6 |     1 ||    22
 Cast: Foxfire           |    99 |    72 |   133 |    64 ||   368
       Scorch            |     6 |    21 |    41 |    41 ||   109
       Conjure Flame     |       |     1 |     6 |    11 ||    18
       Flame Wave        |       |       |     2 |    10 ||    12
       Inner Flame       |       |       |     2 |       ||     2
Evoke: Wand              |       |       |       |     4 ||     4
  Use: Scroll            |     5 |     5 |     5 |     4 ||    19
       Potion            |       |     5 |       |     2 ||     7
Armor: Robe              |    11 |     8 |    13 |     2 ||    34
       Acid dragon scale |       |       |       |    10 ||    10
Dodge: Dodged            |    63 |    38 |    46 |    93 ||   240

Table legend: (Time is in decaauts)
 A = Elapsed time spent in this place.
 B = Non-inter-level travel time spent in this place.
 C = Inter-level travel time spent in this place.
 D = Time resting spent in this place.
 E = Time spent auto-exploring this place.
 F = Levels seen in this place.
 G = Mean time per level.
                   A        B        C        D        E       F      G
               +--------+--------+--------+--------+--------+-----+--------+
         Total |  15331 |  14529 |    802 |   2547 |   9946 |   9 | 1703.4 |
       Dungeon |  15331 |  14529 |    802 |   2547 |   9946 |   9 | 1703.4 |
               +--------+--------+--------+--------+--------+-----+--------+

Top non-repeatable levels by time:
     D:8: 4202 daAuts
     D:7: 2264 daAuts
     D:5: 1946 daAuts
     D:6: 1465 daAuts
     D:3: 1420 daAuts
     D:2: 1297 daAuts
     D:1: 1185 daAuts
     D:4: 1073 daAuts
     D:9: 476 daAuts
